 Dungeon Crawl Stone Soup version 0.29.0-11-gd7f09526c8 (webtiles) character file.

Game seed: 7838127665034184204

45 greasedhog the Sneak (level 3, -1/23 HPs)
             Began as a Gargoyle Brigand on Sept 4, 2022.
             Slain by a worm (4 damage)
             ... on level 2 of the Dungeon.
             The game lasted 00:01:17 (1035 turns).

greasedhog the Sneak (Gargoyle Brigand)             Turns: 1035, Time: 00:01:17

Health: -1/23      AC:  7    Str: 14    XL:     3   Next: 64%
Magic:  3/3        EV: 11    Int: 11    God:
Gold:   72         SH:  0    Dex: 13    Spells: 2/2 levels left

rFire   . . .      SeeInvis +   a - +2 dagger
rCold   . . .      Faith    .   (no shield)
rNeg    + . .      Spirit   .   b - +0 robe
rPois   ∞          Reflect  .   (no helmet)
rElec   +          Harm     .   c - +1 cloak
rCorr   .          Rampage  .   (no gloves)
Will    +....                   (no boots)
Stlth   +++.......              (no amulet)
HPRegen 0.07/turn               h - ring of willpower
MPRegen 0.08/turn               g - ring of see invisible

@: no status effects
A: sickness immunity, AC +3, negative energy resistance 1, electricity
resistance, torment resistance 1, petrification resistance
a: no special abilities


You were on level 2 of the Dungeon.
You visited 1 branch of the dungeon, and saw 2 of its levels.

You collected 72 gold pieces.

Inventory:

Hand Weapons
 a - a +2 dagger (weapon)
Missiles
 d - 12 poisoned darts (quivered)
 e - 3 curare-tipped darts
Armour
 b - a +0 robe (worn)
 c - a +1 cloak (worn)
Jewellery
 g - a ring of see invisible (right hand)
 h - a ring of willpower (left hand)
Scrolls
 f - 2 scrolls of identify
 i - a scroll of vulnerability
 j - 2 scrolls of enchant armour
Potions
 k - a potion of flight {unknown}
 l - a potion of might {unknown}
 m - 2 potions of berserk rage {unknown}
 n - a potion of haste {unknown}


   Skills:
 * Level 3.0 Fighting
 * Level 2.5 Short Blades
 - Level 1.7 Throwing
 - Level 0.7 Dodging
 * Level 5.0 Stealth


You had 2 spell levels left.
You didn't know any spells.
Your spell library was empty.

Dungeon Overview and Level Annotations

Branches:
Dungeon (2/15)

Altars:


Innate Abilities, Weirdness & Mutations

You are immune to sickness and miasma.
Your stone body is resilient. (AC +3)
You are immune to poison.
You resist negative energy. (rN+)
You are resistant to electric shocks. (rElec)
You are resistant to unholy torment.
You are immune to petrification.


Message History

The adder is heavily wounded.
The adder closely misses you.
You hit the adder.
The adder is severely wounded.
The adder closely misses you.
You hit the adder.
The adder is severely wounded.
The adder bites you but does no damage.
You hit the adder.
You kill the adder!
Your Fighting skill increases to level 3!
Your Stealth skill increases to level 5!
You hit the rat.
The rat is severely wounded.
The rat bites you but does no damage.
You hit the rat but do no damage.
The rat is severely wounded.
The rat bites you but does no damage.
You hit the rat.
You kill the rat!
You barely miss the worm. The worm bites you!
You barely miss the worm. You hit the worm.
The worm is lightly wounded.
The worm bites you but does no damage.
You hit the worm.
The worm is moderately wounded.
The worm bites you.
* * * LOW HITPOINT WARNING * * *
You hit the worm.
The worm is moderately wounded.
You hit the worm.
The worm is heavily wounded.
The worm barely misses you.
You hit the worm but do no damage.
The worm is moderately wounded.
You barely miss the worm.
The worm is moderately wounded.
The worm bites you.
You die...

.......(....>w.#
#..........#.#
#............#
#>.........###
#...........########
#.#.....#...#..<...#
#...........######.#
####w###.#....####.#
#@# .#.##.#..<.#
###.# ......#.####
#...# ##.#..#.#
#.#.# #.#..#.#
#.#### #.#..#.#
#....# #....#.#
####.####.#<##.#
#######.#.........#
.......[#.#...#####


You could see a worm.

Vanquished Creatures
  2 adders (D:2)
  A dart slug (D:1)
  An endoplasm (D:1)
  A giant cockroach (D:1)
  A hobgoblin (D:1)
  2 quokkas
  5 ball pythons (D:1)
  A frilled lizard (D:1)
  4 goblins (D:1)
  3 kobolds (D:1)
  4 rats
25 creatures vanquished.

Notes
Turn   | Place    | Note
-------+----------+-------------------------------------------
     0 | D:1      | greasedhog the Gargoyle Brigand began the quest for the
                  | Orb.
     0 | D:1      | Reached XP level 1. HP: 12/12 MP: 1/1
     6 | D:1      | Noticed a salamander
     6 | D:1      | Noticed a polar bear
     7 | D:1      | Noticed an iguana
     7 | D:1      | Noticed a hog
   249 | D:1      | Reached XP level 2. HP: 16/18 MP: 2/2
   851 | D:1      | Reached XP level 3. HP: 22/22 MP: 3/3
  1023 | D:2      | Reached skill level 5 in Stealth
  1035 | D:2      | Slain by a worm

Illustrated notes

Levels and vault maps discovered:
D:1:      onia_arrival_zoo_common, layout_basic
D:2:      layout_basic, dreamdust_wishing_well, st_stairs_2

Skill      XL: |  1  2  3 |
---------------+----------+-----
Short Blades   | 2 |  2.5
Fighting       | 3 |  3.0
Stealth        | 5 |  5.0
Throwing       | |  1.7
Dodging        | |  0.7

Action                   || total
-------------------------++-------
Melee: Dagger            ||    95
       Punch             ||     1
  Use: Scroll            ||     2
 Stab: Sleeping          ||     4
Armor: Robe              ||    31
Dodge: Dodged            ||    56
